 Dungeon Crawl Stone Soup version 0.19-a0-994-g3c636f0 (webtiles) character file.

20134 HAL9000 the Timeless (level 12, -3/95 HPs)
             Began as a Pale Draconian Transmuter on July 15, 2016.
             Was a High Priest of Cheibriados.
             Slain by a water moccasin (4 damage)
             ... on level 4 of the Lair of Beasts.
             The game lasted 00:45:24 (15660 turns).

HAL9000 the Timeless (Pale Draconian Transmuter)   Turns: 15660, Time: 00:45:24

Health: -3/95      AC: 10    Str: 29    XL:     12   Next: 42%
Magic:  4/21       EV: 19    Int: 29    God:    Cheibriados [*****.]
Gold:   812        SH:  0    Dex: 27    Spells: 5 memorised, 2 levels left

rFire  . . .     SeeInvis .       - Unarmed
rCold  . . .     Gourm    .     (armour unavailable)
rNeg   + . .     Faith    .     (shield currently unavailable)
rPois  .         Spirit   .     (helmet restricted)
rElec  .         Dismiss  .     (no cloak)
rCorr  .         Reflect  .     (gloves currently unavailable)
SustAt .         Harm     .     r - +1 pair of boots
MR     +....                    K - amulet of regeneration
Stlth  ++........               s - ring of positive energy
                                e - ring of protection from magic

@: lethally poisoned (-3 -> -11), blade hands, very slightly contaminated, very
slow, somewhat resistant to hostile enchantments, unstealthy
A: breathe steam, unfitting armour, cold-blooded, AC +8
a: Breathe Steam, End Transformation, Bend Time, Temporal Distortion, Slouch,
Step From Time, Renounce Religion


You were on level 4 of the Lair of Beasts.
You worshipped Cheibriados.
Cheibriados was extremely pleased with you.
You were hungry.
You had blades for hands.
You visited 3 branches of the dungeon, and saw 17 of its levels.

You collected 812 gold pieces.

Inventory:

Missiles
 a - 105 arrows
 Q - 7 poisoned javelins (quivered)
Armour
 r - a +1 pair of boots (worn)
 X - a +0 pair of gloves (melded)
Jewellery
 e - a ring of protection from magic (left scythe-like blade)
 s - a ring of positive energy (right scythe-like blade)
 J - an uncursed ring of ice
 K - an amulet of regeneration (around neck)
Wands
 G - a wand of lightning (6/15)
 L - a wand of polymorph (11/24)
 R - a wand of acid (8/15)
 S - a wand of iceblast (7/15)
Scrolls
 l - 2 scrolls of teleportation
 o - 10 scrolls of remove curse
 t - 9 scrolls of enchant weapon
 N - a scroll of amnesia
 T - a scroll of magic mapping
 Z - a scroll of recharging
Potions
 d - a potion of invisibility {unknown}
 g - a potion of cancellation {unknown}
 h - 4 potions of heal wounds
 k - a potion of ambrosia
 p - a potion of brilliance
 v - 6 potions of curing
 D - a potion of berserk rage {unknown}
 E - a potion of might {unknown}
 F - a potion of cure mutation {unknown}
 M - 4 potions of flight {unknown}
Books
 b - a book of Changes

   Spells                             Type                      Level
   a - Beastly Appendage              Transmutation                1
   b - Sticks to Snakes               Transmutation                2
   c - Spider Form                    Transmutation/Poison         3
   d - Ice Form                       Ice/Transmutation            4
   e - Blade Hands                    Transmutation                5
 O - a book of Alchemy

   Spells                             Type                      Level
   a - Sublimation of Blood           Necromancy                   2
   b - Ignite Poison                  Fire/Transmutation/Poison    3
   c - Petrify                        Transmutation/Earth          4
   d - Alistair's Intoxication        Transmutation/Poison         5
   e - Irradiate                      Conjuration/Transmutation    5
 U - an Akashic Record

   Spells                             Type                      Level
   a - Dispersal                      Translocation                6
   b - Malign Gateway                 Summoning/Translocation      7
   c - Disjunction                    Translocation                8
   d - Controlled Blink               Translocation                8
 V - a book of Spatial Translocations

   Spells                             Type                      Level
   a - Apportation                    Translocation                1
   b - Blink                          Translocation                2
   c - Shroud of Golubria             Charms/Translocation         2
   d - Portal Projectile              Translocation                3
   e - Teleport Other                 Translocation                3
   f - Passage of Golubria            Translocation                4
 W - a book of Debilitation

   Spells                             Type                      Level
   a - Corona                         Hexes                        1
   b - Slow                           Hexes                        2
   c - Gell's Gravitas                Hexes/Translocation          3
   d - Inner Flame                    Hexes/Fire                   3
   e - Cause Fear                     Hexes                        4
   f - Leda's Liquefaction            Hexes/Earth                  4
 Y - a book of Dreams

   Spells                             Type                      Level
   a - Ensorcelled Hibernation        Hexes/Ice                    2
   b - Silence                        Hexes/Air                    5
   c - Darkness                       Hexes                        6
   d - Shadow Creatures               Summoning                    6
Comestibles
 c - 10 bread rations
 i - 8 meat rations
 u - 2 slices of pizza
 z - 8 fruits
 I - 4 royal jellies
 P - 9 beef jerkies


   Skills:
 + Level 5.9 Fighting
 + Level 7.2 Dodging
 + Level 10.9 Unarmed Combat
 + Level 2.3 Spellcasting
 + Level 1.4 Translocations
 - Level 10.2 Transmutations
 - Level 12.2 Invocations
 + Level 1.9 Evocations


You had 2 spell levels left.
You knew the following spells:

 Your Spells              Type           Power        Failure   Level  Hunger
a - Beastly Appendage     Tmut           ######       8%          1    None
b - Sticks to Snakes      Tmut           ######..     10%         2    ##.....
c - Spider Form           Tmut/Pois      ####......   28%         3    ###....
d - Blade Hands           Tmut           ######....   32%         5    ######.
e - Blink                 Tloc           N/A          45%         2    ##.....


Dungeon Overview and Level Annotations

Branches:
Dungeon (12/15)            Temple (1/1) D:6            Lair (4/6) D:11
 Shoals (0/4) Lair:2        Snake (0/4) Lair:3
    Orc: D:9-12

Altars:
Ashenzari
Cheibriados
Dithmenos
Elyvilon
Fedhas
Gozag
Hepliaklqana
Kikubaaqudgha
Makhleb
Nemelex Xobeh
Okawaru
Pakellas
Qazlal
Ru
Sif Muna
Trog
Uskayaw
Vehumet
Xom
Yredelemnul
Zin
The Shining One

Shops:
D:5 (   D:6 (:%%   D:11 [


Innate Abilities, Weirdness & Mutations

You can breathe blasts of scalding, opaque steam.
Your pale cyan-grey scales are hard. (AC +8)
Your body does not fit into most forms of armour.
You are cold-blooded and may be slowed by cold attacks.


Message History

* * * LOW HITPOINT WARNING * * *
The six-headed hydra closely misses you.
The six-headed hydra bites you but does no damage. x2
Your adder closely misses the water moccasin.
The water moccasin bites you.
* * * LOW HITPOINT WARNING * * *
You are lethally poisoned!
The water moccasin poisons you!
Okay, then.
You feel much better.
You feel sick.
Your adder completely misses the water moccasin.
The river rat completely misses you. The six-headed hydra bites you!
* * * LOW HITPOINT WARNING * * *
The six-headed hydra completely misses you.
The six-headed hydra barely misses you. The six-headed hydra bites you!
* * * LOW HITPOINT WARNING * * *
The six-headed hydra barely misses you.
The six-headed hydra bites you but does no damage.
The water moccasin bites you.
You die...

#♣............
♣............
♣♣........... ♣♣♣♣♣♣
♣♣♣......... ♣♣P....♣♣♣♣
♣♣........ ♣.......P.♣♣♣
♣♣....... ♣.........P.♣♣♣
♣....... ..≈≈≈........P♣♣
♣♣...... ≈P≈≈P≈..@r.....♣
♣....... ≈≈≈≈≈≈SSD.......
♣.......
≈≈≈≈≈≈≈≈..≈≈≈..........†.
≈≈≈≈≈≈≈≈.≈≈≈≈≈≈..........
≈≈≈♣♣≈≈≈≈≈≈≈≈≈≈≈.........
♣≈ ♣≈≈≈≈≈≈≈≈≈≈≈.........
♣≈P≈≈≈≈≈≈≈≈≈.........
♣≈P≈≈≈≈≈≈≈≈≈....F....
♣P.≈≈≈≈≈≈≈≈..........


You could see a six-headed hydra, a water moccasin, a river rat and a friendly
adder.

Vanquished Creatures
  A hydra (Lair:3)
  Fannar (D:10)
  A death yak (Lair:4)
  Urug (Lair:2)
  2 hill giants
  A cyclops (D:11)
  2 centaur zombies (D:10)
  A siren (Lair:2)
  5 spiny frogs
  A centaur skeleton (D:10)
  2 rime drakes
  3 komodo dragons
  A queen bee (Lair:1)
  3 two-headed ogres
  3 trolls
  A shadow (D:10)
  5 yaks
  A hungry ghost (D:11)
  A basilisk (Lair:3)
  A hippogriff (Lair:3)
  2 steam dragons
  3 nagas (Lair:3)
  8 water moccasins
  Duvessa (D:6)
  10 porcupines
  2 black bears
  2 ice beasts
  A sky beast (D:11)
  3 orc warriors
  8 ogres
  A wasp (D:8)
  An eye of draining (D:8)
  3 phantoms
  3 wolves (Lair:3)
  A necrophage (D:11)
  4 centaurs
  3 big kobolds
  14 giant frogs
  3 crocodiles
  Dowan (D:6)
  3 scorpions
  11 killer bees (Lair:1)
  3 howler monkeys
  3 electric eels
  4 crimson imps
  18 orc wizards
  2 giant frog skeletons (D:9)
  3 orc priests
  2 hounds
  3 jellies
  9 iguanas
  3 worker ants
  2 hound skeletons
  A worker ant zombie (D:8)
  6 gnolls
  12 adders
  16 river rats (Lair:1)
  3 shadow imps
  3 oozes
  An adder skeleton (D:8)
  A worm (D:2)
  4 dart slugs
  8 giant geckos
  31 orcs
  3 ball pythons
  8 giant cockroaches
  9 goblins
  3 hobgoblins
  15 jackals
  4 quokkas
  4 bats
  A giant gecko skeleton (D:4)
  A giant gecko zombie (D:6)
  5 giant newts
  2 jackal zombies
  9 kobolds
  4 rats
  A fungus (Lair:1)
332 creatures vanquished.

Vanquished Creatures (collateral kills)
  2 hydras
  Sigmund (D:6)
  A black bear (D:9)
  An ogre (D:9)
  A giant frog (D:8)
  An orc priest (D:6)
  A worker ant (D:6)
  A hound zombie (D:6)
  4 adders
  A giant gecko (D:6)
  4 orcs
  2 giant cockroaches
  2 goblins (D:11)
  9 kobolds
31 creatures vanquished.

Vanquished Creatures (others)
  A fungus (Lair:4)
  16 plants
  7 toadstools (Lair:4)
24 creatures vanquished.

Grand Total: 387 creatures vanquished

Notes
Turn   | Place    | Note
-------+----------+-------------------------------------------
     0 | D:1      | HAL9000 the Draconian Transmuter began the quest for the Orb.
     0 | D:1      | Reached XP level 1. HP: 16/16 MP: 3/3
   271 | D:1      | Reached XP level 2. HP: 9/23 MP: 3/5
   277 | D:1      | Learned a level 2 spell: Sticks to Snakes
  1255 | D:2      | Reached XP level 3. HP: 19/28 MP: 4/6
  1862 | D:2      | Reached XP level 4. HP: 35/35 MP: 3/7
  1884 | D:2      | Learned a level 3 spell: Spider Form
  3078 | D:4      | Reached XP level 5. HP: 34/40 MP: 0/8
  3169 | D:4      | Reached skill level 5 in Unarmed Combat
  4004 | D:4      | Reached XP level 6. HP: 32/47 MP: 7/9
  4764 | D:4      | Reached skill level 5 in Transmutations
  4876 | D:5      | Entered Level 5 of the Dungeon
  5146 | D:5      | Your scales start taking on a pale cyan-grey colour.
  5146 | D:5      | Reached XP level 7. HP: 34/52 MP: 3/10
  5367 | D:5      | Found an ancient bone altar of Kikubaaqudgha.
  5414 | D:5      | Found Ceolew's Weapon Shoppe.
  6196 | D:6      | Noticed Sigmund
  6957 | D:6      | Killed Sigmund
  6957 | D:6      | Reached XP level 8. HP: 56/59 MP: 2/11
  6992 | D:6      | Found a staircase to the Ecumenical Temple.
  6992 | D:6      | Noticed Duvessa
  6999 | D:6      | Noticed Dowan
  7002 | D:6      | Killed Duvessa
  7009 | D:6      | Killed Dowan
  7022 | Temple   | Entered the Ecumenical Temple
  7129 | Temple   | Became a worshipper of Cheibriados the Contemplative
  7671 | D:6      | Found Roats's Book Emporium.
  7672 | D:6      | Found Dukk's Food Emporium.
  7673 | D:6      | Found Eroutt's Antique Weapon Emporium.
  7674 | D:6      | Found Xusapi's Food Emporium.
  7779 | D:7      | Learned a level 5 spell: Blade Hands
  7930 | D:7      | Reached * piety under Cheibriados
  8568 | D:7      | Reached XP level 9. HP: 57/68 MP: 10/12
  9223 | D:8      | Reached ** piety under Cheibriados
  9267 | D:8      | Identified a scroll of acquirement
 10077 | D:9      | Reached skill level 10 in Transmutations
 10107 | D:9      | Noticed a troll
 10116 | D:9      | Killed a troll
 10205 | D:9      | Reached *** piety under Cheibriados
 10205 | D:9      | Reached XP level 10. HP: 80/80 MP: 9/13
 10418 | D:9      | Reached skill level 5 in Fighting
 10581 | D:9      | Found a burning altar of Makhleb.
 10645 | D:9      | Reached skill level 1 in Invocations
 10836 | D:10     | Entered Level 10 of the Dungeon
 10841 | D:10     | Reached skill level 2 in Invocations
 10960 | D:10     | Reached skill level 5 in Dodging
 10975 | D:10     | Reached **** piety under Cheibriados
 10975 | D:10     | Reached skill level 3 in Invocations
 10999 | D:10     | Noticed a hill giant
 11009 | D:10     | Killed a hill giant
 11009 | D:10     | Reached skill level 4 in Invocations
 11436 | D:10     | Reached skill level 5 in Invocations
 11501 | D:10     | Noticed Fannar
 11510 | D:10     | Killed Fannar
 11510 | D:10     | Reached skill level 10 in Unarmed Combat
 11700 | D:11     | Noticed a four-headed hydra
 11709 | D:10     | Reached skill level 6 in Invocations
 11910 | D:11     | Noticed a cyclops
 12168 | D:11     | Reached XP level 11. HP: 55/86 MP: 10/15
 12196 | D:11     | Found Imuycoid's Antique Armour Shop.
 12327 | D:11     | Noticed a hill giant
 12334 | D:11     | Killed a hill giant
 12335 | D:11     | Reached skill level 7 in Invocations
 12394 | D:11     | Reached ***** piety under Cheibriados
 12504 | D:11     | Found a staircase to the Lair.
 12538 | D:11     | Found an oddly glowing altar of Pakellas.
 12594 | D:11     | Killed a four-headed hydra
 12594 | D:11     | Reached skill level 8 in Invocations
 12736 | Lair:1   | Entered Level 1 of the Lair of Beasts
 12989 | Lair:1   | Reached skill level 9 in Invocations
 13248 | Lair:1   | Learned a level 2 spell: Blink
 13934 | Lair:2   | Found a staircase to the Shoals.
 13940 | Lair:2   | Reached skill level 10 in Invocations
 14029 | Lair:2   | Noticed a five-headed hydra
 14040 | Lair:2   | Killed a five-headed hydra
 14056 | Lair:2   | Noticed Urug
 14066 | Lair:2   | Killed Urug
 14203 | Lair:2   | Reached XP level 12. HP: 84/94 MP: 20/20
 14252 | Lair:2   | Reached skill level 11 in Invocations
 14843 | Lair:3   | Noticed a five-headed hydra
 14863 | Lair:3   | Found a staircase to the Snake Pit.
 14962 | Lair:3   | Reached ****** piety under Cheibriados
 15131 | Lair:3   | Killed a five-headed hydra
 15131 | Lair:3   | Reached skill level 12 in Invocations
 15251 | Lair:3   | Reached skill level 1 in Evocations
 15275 | Lair:3   | Reached skill level 1 in Translocations
 15629 | Lair:4   | Noticed a death yak
 15633 | Lair:4   | Noticed a death yak
 15633 | Lair:4   | Noticed a death yak
 15633 | Lair:4   | Noticed a death yak
 15634 | Lair:4   | Noticed a death yak
 15641 | Lair:4   | Killed a death yak
 15656 | Lair:4   | Noticed a six-headed hydra
 15660 | Lair:4   | HP: 1/95 [six-headed hydra (13)]
 15660 | Lair:4   | Slain by a water moccasin

Vault maps used:
D:1:      dpeg_arrival_short_road
D:3:      serial_bayou_pond_a, serial_park_tiny_pond
D:5:      kiku_gazebo_pond_becter, first_bread, serial_shops, kennysheep_mini
D:6:      portal_sewer_entry_f, minmay_shop_grid_forest, nicolae_water_bricks,
          kennysheep_generic_room_9, uniq_duvessa, uniq_sigmund
D:9:      serial_co_window_serial, co_window_paths_a,
          co_window_of_opportunity_a, co_window_paths_a, co_window_corner_a,
          co_window_paths_a, co_window_paths_a, co_window_corner_a,
          co_window_of_opportunity_c, co_window_broadway_c,
          co_window_of_opportunity_b, co_window_unsneaky_path_b,
          co_window_paths_e, glass_columns_b, basic_altar
D:10:     uniq_fannar
D:11:     david_lair_shrubbed, serial_shops, nicolae_shop_crystal,
          enter_bailey_3, grunt_ogre_cave, kennysheep_nondescript,
          grunt_pakellas_salt
D:12:     orc_0_dummy, serial_shops, nicolae_shop_behind_doors,
          minmay_unpleasant_kobolds
Temple:   kilobyte_greek_temple
Lair:1:   special_room, disabler_island, grunt_megastairs_5
Lair:2:   minmay_shoals_entry_lonely_mermaid, serial_bayou_shore_b, uniq_urug
Lair:3:   guppyfry_snake_entry_garden
Lair:4:   gammafunk_lair_enchanted_lake, portal_ice_cave_demonic_guard,
          st_stairs_13, cheibrodos_lair_reptile_den, uniq_sonja

Skill      XL: |  1  2  3  4  5  6  7  8  9 10 11 12 |
---------------+-------------------------------------+-----
Transmutations | 3 4 5 6 8 10 | 10.2
Unarmed Combat | 4 5 6 7 8 9 10 | 10.9
Dodging        | 2 4 5 7 |  7.2
Fighting       | 2 4 5 |  5.9
Invocations    | 6 10 12 | 12.2
Evocations     | 1 |  1.9
Translocations | 1 |  1.4
Spellcasting   | |  2.3

Action                   |  1- 3 |  4- 6 |  7- 9 | 10-12 || total
-------------------------+-------+-------+-------+-------++-------
Melee: Unarmed           |    87 |   196 |   360 |   436 ||  1079
       Tailslap          |    13 |    21 |    24 |    88 ||   146
       Kick              |     3 |     7 |       |       ||    10
       Headbutt          |     8 |    21 |    12 |     5 ||    46
       Punch             |       |     2 |     7 |    26 ||    35
Throw: Javelin           |       |     3 |     6 |     5 ||    14
 Cast: Beastly Appendage |    23 |    31 |    12 |     4 ||    70
       Sticks to Snakes  |     1 |    17 |    20 |    20 ||    58
       Spider Form       |       |     1 |    21 |    11 ||    33
       Blade Hands       |       |       |     1 |    25 ||    26
Invok: Slouch            |       |       |       |     1 ||     1
       Step From Time    |       |       |       |     1 ||     1
 Abil: Breathe Steam     |       |       |    10 |     9 ||    19
       End Transformatio |       |       |       |     1 ||     1
  Use: Scroll            |       |       |    16 |    14 ||    30
       Potion            |       |       |       |     2 ||     2
 Stab: Sleeping          |     1 |     1 |       |     5 ||     7
       Distracted        |       |     1 |     1 |     3 ||     5
  Eat: Chunk             |     3 |    12 |    19 |    21 ||    55
       Fruit             |       |       |     2 |     2 ||     4
Armor: Skin              |    25 |    52 |    76 |    82 ||   235
Dodge: Dodged            |    57 |   114 |   239 |   413 ||   823
